Map: Defender's Landing LE

Players

Nerchio - Winner!

  • Race: Zerg Zerg
  • Spawn Location: 7:00

thermy (uThermal)

  • Race: Terran Terran
  • Spawn Location: 1:00

Event: WCS Valencia 2017

VOD

Have the link to the VOD?

Description

Time

  • Played on: July 13, 2017, 1:39 p.m.
  • Length: 7:27

All games in this series

Show
View Real Time Build Order
Export as new Build Order

Nerchio Zerg - Winner!

Build Orders: Pool First 

Get SALT Encoding   

  12  0:00  Drone  
  13  0:13  Overlord  
  13  0:17  Drone  
  14  0:31  Drone x2  
  14  0:34  Drone  
  17  0:41  Extractor  
  16  0:45  Drone  
  17  0:50  Spawning Pool  
  17  0:56  Drone  
  17  1:18  Hatchery  
  16  1:19  Drone  
  17  1:37  Queen, Zergling x2  
  20  1:42  Metabolic Boost  
  20  1:46  Drone  
  21  1:49  Drone  
  22  1:55  Overlord  
  22  2:13  Queen  
  22  2:15  Drone x2  
  26  2:22  Drone  
  28  2:30  Queen, Zergling x2  
  28  2:33  Zergling x2  
  31  2:42  Zergling x2  
  32  2:45  Overlord  
  32  2:46  Drone x2  
  32  2:48  Drone  
  32  2:51  Drone  
  36  3:07  Hatchery  
  36  3:10  Drone  
  36  3:11  Drone  
  37  3:13  Drone  
  37  3:16  Drone  
  39  3:20  Overlord  
  39  3:22  Drone  
  39  3:25  Drone  
  41  3:31  Drone x2  
  41  3:32  Drone  
  44  3:38  Spore Crawler, Drone  
  44  3:39  Drone  
  45  3:42  Drone  
  45  3:45  Drone x2  
  48  3:51  Zergling x2  
  48  3:56  Queen  
  48  3:57  Spore Crawler  
  48  4:01  Evolution Chamber  
  48  4:08  Overlord  
  48  4:09  Drone  
  49  4:10  Drone x2  
  49  4:11  Overlord  
  49  4:12  Overlord  
  49  4:15  Overlord  
  51  4:25  Extractor  
  51  4:26  Evolution Chamber  
  51  4:27  Zerg Ground Armor Level 1  
  51  4:30  Queen  
  51  4:31  Drone  
  51  4:32  Drone  
  51  4:33  Drone  
  51  4:34  Drone  
  55  4:50  Drone  
  55  4:51  Drone x4  
  60  4:57  Overlord  
  60  4:58  Drone  
  60  4:59  Drone x4  
  65  5:03  Overlord  
  65  5:06  Zergling x2  
  65  5:07  Zergling x4  
  68  5:11  Zergling x2  
  68  5:12  Zergling x2  
  70  5:16  Lair  
  70  5:20  Extractor, Drone x3  
  70  5:21  Extractor  
  71  5:23  Extractor, Drone  
  71  5:24  Drone  
  71  5:26  Drone  
  73  5:30  Drone x2  
  73  5:31  Drone x4  
  73  5:34  Drone  
  80  5:37  Drone x4  
  80  5:42  Drone  
  85  5:47  Extractor  
  84  5:52  Hatchery  
  84  5:53  Drone  
  84  5:56  Overlord  
  84  6:00  Drone x4  
  88  6:06  Zergling x8  
  88  6:07  Baneling Nest, Zergling x2  
  88  6:10  Zergling x4  
  88  6:11  Zergling x2  
  95  6:12  Zergling x2  
  95  6:17  Zergling x2  
  95  6:18  Zergling x2  
  98  6:24  Zergling x4  
  100  6:27  Hydralisk Den  
  100  6:28  Zergling x4  
  100  6:29  Zergling x2  
  100  6:31  Drone  
  100  6:32  Drone  
  104  6:33  Overlord  
  104  6:37  Overlord  
  104  6:46  Zergling x2  
  105  6:47  Overlord  
  103  6:58  Zergling x2  
  103  6:59  Zergling x18  
  108  7:03  Zergling x2  
  108  7:05  Zergling x8  
  108  7:07  Zergling x6  
  115  7:13  Infestation Pit  
Show
View Real Time Build Order
Export as new Build Order

thermy Terran 

Build Orders: Reaper Expand 

Get SALT Encoding   

  12  0:01  SCV  
  13  0:14  SCV  
  14  0:18  Supply Depot  
  14  0:26  SCV  
  14  0:27  Refinery  
  15  0:39  SCV  
  16  0:45  Barracks  
  16  0:51  SCV  
  17  1:03  SCV  
  18  1:15  SCV  
  19  1:31  Reaper  
  19  1:32  Orbital Command  
  20  1:46  Command Center  
  20  1:57  SCV  
  21  2:02  Factory  
  21  2:05  Barracks Reactor  
  21  2:10  SCV  
  21  2:14  Supply Depot  
  22  2:20  Refinery  
  23  2:22  SCV  
  23  2:36  SCV  
  24  2:47  Starport  
  24  2:48  SCV  
  24  2:52  Hellion x2  
  24  2:54  Marine  
  29  3:01  Orbital Command  
  29  3:05  SCV  
  30  3:15  Widow Mine x2  
  30  3:17  SCV  
  35  3:24  Medivac  
  37  3:27  SCV  
  37  3:29  SCV  
  37  3:32  Barracks Tech Lab  
  39  3:39  SCV, Supply Depot  
  39  3:41  SCV  
  41  3:44  Hellion  
  41  3:47  Hellion  
  45  3:59  SCV  
  45  4:00  SCV  
  47  4:13  SCV  
  47  4:14  SCV  
  47  4:16  Command Center  
  49  4:18  Supply Depot  
  49  4:21  Siege Tank  
  52  4:25  SCV  
  52  4:26  SCV  
  54  4:40  Marine x2, SCV x2  
  58  4:52  SCV x2  
  56  4:55  Engineering Bay x2  
  56  5:04  SCV x2  
  58  5:07  Barracks x2  
  58  5:08  Supply Depot  
  58  5:09  Stimpack, Marine  
  59  5:15  Factory Reactor  
  59  5:16  SCV x2, Starport Reactor  
  61  5:26  Terran Infantry Armor Level 1, Terran Infantry Weapons Level 1  
  61  5:28  SCV x2  
  61  5:30  Orbital Command  
  61  5:35  Marine, Refinery  
  63  5:36  Refinery  
  63  5:40  SCV x2  
  66  5:44  Supply Depot  
  66  5:46  Orbital Command  
  66  5:47  Supply Depot  
  66  5:53  SCV x2, Marine  
  69  6:00  Factory Reactor  
  69  6:05  SCV x2  
  69  6:06  Marine x2  
  69  6:11  Marine, SCV  
  73  6:12  Barracks  
  73  6:13  Barracks  
  73  6:14  Marine x2  
  73  6:17  SCV x2  
  79  6:19  Medivac  
  79  6:20  Medivac  
  79  6:23  SCV  
  79  6:24  Marine  
  85  6:29  Marine, SCV x2, Armory  
  85  6:31  Marine  
  89  6:35  SCV  
  89  6:37  Marine, Supply Depot  
  89  6:38  Widow Mine, Supply Depot  
  93  6:40  Widow Mine  
  93  6:42  SCV  
  93  6:43  SCV, Marine  
  93  6:44  Marine  
  99  6:49  Medivac  
  101  6:55  Marine  
  101  6:56  Marine  
  101  6:57  SCV  
  101  7:01  Marine  
  92  7:02  Marine  
  92  7:03  Marine  
  92  7:04  Marine x2  
Tags
 
Add a new tag
Caveats
  • Supply blocks, unpowered buildings, or Contaminate may cause inaccurate times.
  • Supply counts are checked every 10 seconds.